 Dungeon Crawl Stone Soup version 0.31-a0-765-g67fe2935dc (webtiles) character file.

Game seed: 7527375601369567691

3979 Maratek the Cleaver (level 10, -1/77 HPs)
             Began as a Red Draconian Fighter on Sept 15, 2023.
             Was a Follower of Hepliaklqana.
             Constricted to death by Maurice (4 damage)
             ... on level 8 of the Dungeon.
             The game lasted 00:14:28 (6875 turns).

Maratek the Cleaver (Red Draconian Fighter)         Turns: 6875, Time: 00:14:29

Health: -1/77      AC: 13    Str: 23    XL:     10   Next: 2%
Magic:  10/10      EV: 12    Int:  9    God:    Hepliaklqana [*.....]
Gold:   0          SH:  5    Dex: 16    Spells: 9/9 levels left

rFire   + . .        k - +5 hand axe "Impslayer" {drain, rCorr}
rCold   . . .        b - +0 buckler
rNeg    . . .        (body armour unavailable)
rPois   .            (helmet restricted)
rElec   .            m - +0 cloak
rCorr   +            (no gloves)
SInv    .            j - +0 pair of boots
Will    .....        (no amulet)
Stlth   +++          n - +6 ring of dexterity
HPRegen 0.32/turn    t - +4 ring of protection
MPRegen 0.12/turn

%: no passive effects
@: grasped by roots, constricted, studying Short Blades
A: reduced essence, breathe fire, AC +7, unfitting armour, fire resistance 1,
cold-blooded
a: Breathe Fire, Renounce Religion, Recall Ancestor, Ancestor Identity


You were on level 8 of the Dungeon.
You worshipped Hepliaklqana.
Hepliaklqana was aware of your devotion.
You visited 2 branches of the dungeon, and saw 9 of its levels.

Inventory:

Hand Weapons
 k - the +5 hand axe "Impslayer" (weapon) {drain, rCorr}
   (You found it on level 2 of the Dungeon)

   rCorr:     It protects you from acid and corrosion.
Armour
 b - a +0 buckler (worn)
 j - a +0 pair of boots (worn)
 m - a +0 cloak (worn)
Jewellery
 n - a +6 ring of dexterity (left hand)
 t - a +4 ring of protection (right hand)
 v - a ring of protection from cold
Wands
 l - a wand of roots (12)
 p - a wand of flame (38)
 w - a wand of paralysis (7)
Scrolls
 a - a scroll of amnesia
 d - 4 scrolls of enchant weapon
 e - a scroll of teleportation
 o - a scroll of vulnerability
 r - a scroll of immolation
 x - a scroll of fog {unknown}
 y - a scroll of enchant armour {unknown}
Potions
 c - a potion of might
 f - 2 potions of brilliance
 h - 3 potions of lignification {unknown}
 i - a potion of resistance {unknown}
 q - a potion of enlightenment {unknown}
 u - a potion of curing {unknown}
 z - a potion of berserk rage {unknown}


   Skills:
 + Level 7.3 Fighting
 + Level 9.8 Axes
 + Level 6.1 Dodging
 + Level 5.2 Stealth
 + Level 5.2 Shields


You had 9 spell levels left.
You didn't know any spells.
Your spell library contained the following spells:

 Spells                   Type           Power      Damage    Failure   Level
 Kiss of Death            Conj/Necr      0%         2d5       43%         1
 Ensorcelled Hibernation  Hex/Ice        0%         N/A       58%         2
 Passwall                 Tmut/Erth      0%         N/A       58%         2
 Gell's Gravitas          Tloc           0%         N/A       82%         3
 Swiftness                Air            0%         N/A       82%         3
 Teleport Other           Tloc           0%         N/A       82%         3
 Tukima's Dance           Hex            0%         N/A       82%         3
 Volatile Blastmotes      Fire/Tloc      0%         2d10      82%         3
 Dimensional Bullseye     Hex/Tloc       0%         N/A       99%         4
 Fulminant Prism          Conj/Hex       0%         3d5       99%         4
 Iskenderun's Mystic Bla  Conj/Tloc      0%         2d3       99%         4
 Dispersal                Tloc           0%         N/A       100%        6


Dungeon Overview and Level Annotations

Branches:
Dungeon (8/15)             Temple (1/1) D:4
   Lair: D:8-11

Altars:
Ashenzari
Cheibriados
Dithmenos
Elyvilon
Fedhas
Gozag
Hepliaklqana
Kikubaaqudgha
Makhleb
Nemelex Xobeh
Okawaru
Qazlal
Ru
Sif Muna
Trog
Uskayaw
Vehumet
Wu Jian
Xom
Yredelemnul
Zin
The Shining One

Shops:
D:5 !

Annotations:
D:7 1 runed translucent door, Crazy Yiuf
D:8 2 transporters, Maurice


Innate Abilities, Weirdness & Mutations

Your life essence is reduced to manifest your ancestor. (-10% HP)
You can breathe blasts of fire.
Your fiery red scales are hard. (AC +7)
You cannot fit into any form of body armour.
Your flesh is heat resistant. (rF+)
You are cold-blooded and may be slowed by cold attacks.


Message History

The grasping roots release their grip on you.
You hit something but do no damage.
Your tail-slap misses something.
Waqi hits something.
You closely miss something. Something hits you!
Something groans, "What are you, a monk?"
Waqi hits something!
You closely miss something.
You have got your breath back.
Something hits you.
* * * LOW HITPOINT WARNING * * *
Something mutters, "Now where did you hide it?"
You barely miss something.
Waqi closely misses something.
You hit something.
Waqi closely misses something.
Something closely misses you.
You closely miss something.
Waqi hits something!
You miss something.
Your tail-slap misses something.
You hear a zap.
The roots erupt in riotous growth!
The grasping roots grab you!
Waqi is unaffected.
You are constricted.
Waqi hits something.
You miss something. Something hits you!
* * * LOW HITPOINT WARNING * * *
Something grunts, "Curses!"
You are constricted.
* * * LOW HITPOINT WARNING * * *
Aiming: Paralyse
Press: ? - help, Q - select action, (/) - cycle Shift-Dir - straight line Nothing appears to happen.
Waqi hits something!
Aiming: Throw Flame
Press: ? - help, Q - select action, (/) - cycle Shift-Dir - straight line Waqi hits something but does no damage.
Something hits you.
* * * LOW HITPOINT WARNING * * *
Something grunts, "Curses!"
You are constricted.
Aiming: Throw Flame
Press: ? - help, Q - select action, (/) - cycle Shift-Dir - straight line Waqi closely misses something.
Something completely misses you.
You are constricted.
You die...

.###..#.#...#.#..##..##......#
#.
...#..#.'...'.#..#...##...)).#
#.
.#.'..'###'###'..'.#..?...)..#
#.
##.#..#.......#..###...###)###
## #.#..#.......#^.# #...# #.#
#.###'###'###'### #...# #?#
#.........#
#..####.<.###.######
###########
##.#..'.............
#.@..#!............
#{R..####.###.#####
#....###..###.#<#
#.#........>....#
#+#####.#####.### ..........#
#.# ...####.#.# #.# ########
..#.# #.# #......# ... ... #
#.#


You could see the friendly Waqi the ancestor.

Vanquished Creatures
  Pikel (D:7)
  Maggie (D:8)
  Sigmund (D:2)
  2 water moccasins
  3 ice beasts
  An orc warrior (D:4)
  A black bear (D:5)
  2 sky beasts
  4 ogres
  A lemure (D:7)
  Blork the orc (D:6)
  A bullfrog (D:5)
  2 kobold brigands
  5 scorpions
  5 killer bees (D:8)
  2 howler monkeys
  9 hounds
  2 jellies
  5 orc priests
  2 sleepcaps (D:5)
  6 orc wizards
  5 iguanas
  10 adders
  A white imp (D:5)
  An ufetubus (D:6)
  2 worms
  4 dart slugs
  20 orcs
  8 endoplasms
  5 giant cockroaches
  8 goblins
  10 hobgoblins
  11 jackals
  4 quokkas
  6 ball pythons
  7 bats
  5 frilled lizards
  19 kobolds
  5 rats
188 creatures vanquished.

Vanquished Creatures (collateral kills)
  An orc (D:8)
  2 kobolds
3 creatures vanquished.

Vanquished Creatures (others)
  2 ancestors
2 creatures vanquished.

Grand Total: 193 creatures vanquished

Notes
Turn   | Place    | Note
-------+----------+-------------------------------------------
     0 | D:1      | Maratek the Draconian Fighter began the quest for the Orb.
     0 | D:1      | Reached XP level 1. HP: 19/19 MP: 1/1
   109 | D:1      | Reached XP level 2. HP: 23/26 MP: 2/2
   405 | D:1      | Reached XP level 3. HP: 33/33 MP: 3/3
   947 | D:2      | Found a faded altar of an unknown god.
   965 | D:2      | Got Plato's Guidebook on Percussion
  1023 | D:2      | Identified the +5 hand axe "Impslayer" {drain, rCorr}
  1094 | D:2      | Reached XP level 4. HP: 40/40 MP: 4/4
  1225 | D:2      | Noticed Sigmund
  1247 | D:2      | Killed Sigmund
  1248 | D:2      | Reached skill level 4 in Axes
  1248 | D:2      | Reached XP level 5. HP: 34/47 MP: 5/5
  1468 | D:2      | Identified the +0 ring mail "Liugesch" {rF+ Str+4 Int-3
                  | SInv}
  1833 | D:3      | Noticed a water moccasin
  1846 | D:3      | Killed a water moccasin
  1847 | D:3      | Reached skill level 1 in Stealth
  1847 | D:3      | Reached XP level 6. HP: 25/53 MP: 6/6
  1848 | D:3      | Found a glowing silver altar of Zin.
  1848 | D:3      | Found a shimmering altar of Xom.
  1848 | D:3      | Noticed an angel
  2435 | D:4      | Reached skill level 5 in Axes
  2489 | D:4      | Found a staircase to the Ecumenical Temple.
  2667 | D:4      | Your scales start taking on a fiery red colour.
  2667 | D:4      | Reached XP level 7. HP: 44/60 MP: 7/7
  2667 | D:4      | Gained mutation: Your flesh is heat resistant. (rF+) [Red
                  | Draconian growth]
  2673 | D:4      | Reached skill level 5 in Fighting
  3414 | D:5      | Entered Level 5 of the Dungeon
  3419 | D:5      | Reached skill level 6 in Axes
  3453 | D:5      | Found Nanodghin's Distillery.
  3685 | D:5      | Reached XP level 8. HP: 61/69 MP: 8/8
  3711 | D:5      | Reached skill level 7 in Axes
  4388 | Temple   | Entered the Ecumenical Temple
  4403 | Temple   | Became a worshipper of Hepliaklqana the Forgotten
  4448 | D:6      | Reached skill level 5 in Dodging
  4469 | D:6      | Found a hide-covered altar of Uskayaw.
  4563 | D:6      | Reached skill level 8 in Axes
  4570 | D:6      | Reached XP level 9. HP: 53/75 MP: 9/9
  4675 | D:6      | Noticed Blork the orc
  4687 | D:6      | Killed Blork the orc
  5062 | D:6      | Found a broken altar of Ashenzari.
  5275 | D:7      | Reached * piety under Hepliaklqana
  5333 | D:7      | Found a burning altar of Makhleb.
  5344 | D:7      | Noticed Pikel
  5376 | D:7      | Killed Pikel
  5377 | D:7      | Reached skill level 9 in Axes
  5550 | D:7      | Found a runed translucent door.
  5551 | D:7      | Noticed Crazy Yiuf
  5665 | D:7      | Reached skill level 5 in Shields
  5813 | D:7      | Found a bloodstained altar of Trog.
  5815 | D:7      | Found a sparkling altar of Nemelex Xobeh.
  5960 | D:8      | Found a transporter.
  5963 | D:8      | Noticed a moth of wrath
  5989 | D:8      | Noticed Maggie
  6006 | D:8      | Killed Maggie
  6007 | D:8      | Reached skill level 5 in Stealth
  6075 | D:8      | Found a shimmering blue altar of Sif Muna.
  6101 | D:8      | Noticed Maurice
  6104 | D:8      | Something stole a ring of magical power
  6105 | D:8      | Something stole 534 gold
  6400 | D:8      | Found a transporter.
  6524 | D:8      | Found an opulent altar of Gozag.
  6526 | D:8      | Identified the +7 dagger "Ydis" {freeze, Will++ Str-2}
  6542 | D:8      | Reached XP level 10. HP: 59/77 MP: 10/10
  6874 | D:8      | HP: 2/77 [something (4)]
  6875 | D:8      | Constricted to death by Maurice

Illustrated notes

Levels and vault maps discovered:
D:1:      eino_arrival_cavern_a, layout_loops_ring, minmay_crystal_water
D:2:      layout_loops_corners, shapermc_ecumenical_altar_rom_forum,
          uniq_sigmund
D:3:      layout_rooms, grunt_temple_overflow_order_and_chaos_1,
          kennysheep_doodads, dreamdust_princess_bridge, minmay_vboxes
D:4:      layout_cave_pods, minmay_temple_entry_from_below_a,
          serial_bayou_pond_e
D:5:      layout_loops_corners, serial_shops, shop_coins, minmay_manual_moon
D:6:      layout_basic, kennysheep_mini_moat, amcnicky_altar_gilded,
          uniq_blork_the_orc
D:7:      layout_rooms, nicolae_overflow_hidden_temple,
          kennysheep_generic_room_13, uniq_crazy_yiuf_cottage, uniq_pikel
D:8:      layout_basic, mainiacjoe_overflow_brackets,
          mainiacjoe_overflow_24_doors, gammafunk_ghost_wrathful_warriors,
          uniq_maurice, uniq_maggie
Temple:   nicolae_temple_ecumenical_triangle

Skill      XL: |  1  2  3  4  5  6  7  8  9 |
---------------+----------------------------+-----
Dodging        | 3 4 5 6 |  6.1
Fighting       | 4 5 6 7 |  7.3
Axes           | 4 5 6 8 9 |  9.8
Stealth        | 1 2 3 5 |  5.2
Shields        | 4 5 |  5.2

Action                     |  1- 3 |  4- 6 |  7- 9 | 10-12 || total
---------------------------+-------+-------+-------+-------++-------
  Melee: War axe           |   103 |       |       |       ||   103
         Tailslap          |     4 |     5 |    33 |     1 ||    43
         Hand axe          |     4 |    95 |   231 |    18 ||   348
Ability: Breathe Fire      |       |       |    14 |     2 ||    16
  Evoke: Wand              |       |       |       |     3 ||     3
    Use: Scroll            |       |     6 |     7 |       ||    13
         Potion            |       |       |     3 |       ||     3
   Stab: Sleeping          |     2 |     1 |     7 |       ||    10
         Distracted        |       |     1 |       |       ||     1
 Armour: Skin              |    50 |    45 |   104 |    13 ||   212
  Dodge: Dodged            |    63 |    53 |   105 |     6 ||   227
  Block: Buckler           |    34 |    19 |    34 |     2 ||    89

Table legend: (Time is in decaauts)
 A = Elapsed time spent in this place.
 B = Non-inter-level travel time spent in this place.
 C = Inter-level travel time spent in this place.
 D = Time resting spent in this place.
 E = Time spent auto-exploring this place.
 F = Levels seen in this place.
 G = Mean time per level.
                   A        B        C        D        E       F      G
               +--------+--------+--------+--------+--------+-----+--------+
         Total |   6917 |   6542 |    375 |    474 |   4820 |   9 |  768.6 |
       Dungeon |   6892 |   6522 |    370 |    474 |   4820 |   8 |  861.5 |
        Temple |     24 |     19 |      5 |      0 |      0 |   1 |   24.0 |
               +--------+--------+--------+--------+--------+-----+--------+

Top non-repeatable levels by time:
     D:4: 1006 daAuts
     D:5: 994 daAuts
     D:2: 959 daAuts
     D:8: 906 daAuts
     D:3: 796 daAuts
     D:7: 764 daAuts
     D:6: 737 daAuts
     D:1: 727 daAuts
  Temple: 24 daAuts
